 Dungeon Crawl Stone Soup version 0.18-a0-1238-g8adb878 (webtiles) character file.

352 RedPan the Covert (level 6, -4/41 HPs)
             Began as a Vampire Enchanter on Feb 5, 2016.
             Slain by a gnoll sergeant
             ... wielding a +2 spear of freezing
              (13 damage)
             ... on level 5 of the Dungeon.
             The game lasted 00:11:13 (4542 turns).

RedPan the Covert (Vampire Enchanter)               Turns: 4542, Time: 00:11:13

Health: -4/41      AC:  5    Str:  8    XL:     6   Next: 34%
Magic:  1/9        EV: 12    Int: 19    God:
Gold:   229        SH:  0    Dex: 15    Spells: 3 memorised, 3 levels left

rFire  . . .     SeeInvis +     a - +1 dagger
rCold  + + .     Gourm    .     b - +2 robe
rNeg   + + +     Faith    .     (no shield)
rPois  ∞         Spirit   .     (no helmet)
rElec  +         Dismiss  .     (no cloak)
rCorr  .         Reflect  .     (no gloves)
SustAt .         Harm     .     p - +0 pair of boots
MR     .....                    (no amulet)
Stlth  +++++.....               (no ring)
                                i - +3 ring of intelligence

@: very slightly contaminated, bloodless, non-regenerating, not resistant to
hostile enchantments, quite stealthy
A: fangs 3, see invisible, dopey 1, electricity resistance, unbreathing
a: Bat Form


You were on level 5 of the Dungeon.
You were bloodless.

You visited 2 branches of the dungeon, and saw 6 of its levels.

You collected 229 gold pieces.

Inventory:

Hand Weapons
 a - a +1 dagger (weapon)
Armour
 b - a +2 robe (worn)
 p - a +0 pair of boots (worn)
Jewellery
 i - a +3 ring of intelligence (left hand)
Wands
 u - a wand of slowing (14/48)
Scrolls
 g - a scroll of magic mapping
 h - a scroll of blinking
 j - 5 scrolls of remove curse
 k - a scroll of recharging
 m - a scroll of immolation {unknown}
 o - 4 scrolls of identify {unknown}
 q - a scroll of enchant weapon {unknown}
 r - a scroll of fog {unknown}
 s - a scroll of amnesia {unknown}
Potions
 d - 20 potions of blood
 e - a potion of resistance
 f - a potion of mutation
 l - 3 potions of might
 n - 3 potions of heal wounds
 t - a potion of flight {unknown}
Books
 c - a book of Maledictions

   Spells                             Type                      Level
   a - Corona                         Hexes                        1
   b - Ensorcelled Hibernation        Hexes/Ice                    2
   c - Confuse                        Hexes                        3
   d - Tukima's Dance                 Hexes                        3
   e - Dazzling Spray                 Conjuration/Hexes            3


   Skills:
 + Level 4.6 Short Blades
 - Level 2.1 Dodging
 - Level 9.0 Stealth
 - Level 2.0 Spellcasting
 - Level 4.4 Hexes


You had 3 spell levels left.
You knew the following spells:

 Your Spells              Type           Power        Failure   Level  Hunger
a - Corona                Hex            ###....      3%          1    #......
b - Ensorcelled Hibernat  Hex/Ice        ##....       12%         2    ###....
c - Confuse               Hex            ###.....     12%         3    ###....


Dungeon Overview and Level Annotations

Branches:
Dungeon (5/15)             Temple (1/1) D:4

Altars:
Ashenzari
Cheibriados
Dithmenos
Elyvilon
Fedhas
Gozag
Makhleb
Okawaru
Ru
Vehumet
Yredelemnul
The Shining One


Innate Abilities, Weirdness & Mutations

You do not heal naturally.
You are immune to poison.
You have razor-sharp teeth.
You have supernaturally acute eyesight.
You can survive without breathing.
You are dopey. (Int -2)
You are resistant to electric shocks.


Message History

The gnoll sergeant resists with some effort.
The gnoll sergeant barely misses you.
Casting: Ensorcelled Hibernation
Confirm with . or Enter, or press ? or * to list all spells.
Aiming: Ensorcelled Hibernation
Press: ? - help, Shift-Dir - straight line, f/p - gnoll sergeant
Aim: a gnoll sergeant, wielding a spear of freezing and wearing a runed scale mail (lightly wounded, chance to defeat MR: 41%)
The gnoll sergeant resists with some effort.
The gnoll sergeant hits you from afar with a spear of freezing!
* * * LOW HITPOINT WARNING * * *
The gnoll sergeant freezes you.
* * * LOW HITPOINT WARNING * * *
Casting: Ensorcelled Hibernation
Confirm with . or Enter, or press ? or * to list all spells.
Aiming: Ensorcelled Hibernation
Press: ? - help, Shift-Dir - straight line, f/p - gnoll sergeant
Aim: a gnoll sergeant, wielding a spear of freezing and wearing a runed scale mail (lightly wounded, chance to defeat MR: 41%)
The gnoll sergeant resists with some effort.
The gnoll sergeant hits you from afar with a spear of freezing!
You die...

####.......# #..........#
# ##......#.## #$
...##...#.(. #g###
#.###..># ### #g.g#
.......## ###g# ##.#...#
#...#
##.#.################.###
...#.#..........@.ggg†#
####...################
#####


You could see a gnoll sergeant and 2 gnolls.

Vanquished Creatures
  A scorpion (D:5)
  An orc wizard (D:3)
  Terence (D:3)
  Natasha (thrice) (D:3)
  2 hound skeletons
  3 adders
  A gnoll (D:4)
  2 oozes (D:3)
  2 worms
  2 giant geckos
  5 orcs (D:3)
  7 bats
  6 giant cockroaches
  9 goblins
  11 hobgoblins
  10 jackals
  9 kobolds
  A quokka (D:4)
  3 ball pythons (D:1)
  2 giant newts
  9 rats
90 creatures vanquished.

Notes
Turn   | Place    | Note
--------------------------------------------------------------
     0 | D:1      | RedPan the Vampire Enchanter began the quest for the Orb.
     0 | D:1      | Reached XP level 1. HP: 13/13 MP: 3/3
    60 | D:1      | Reached skill level 5 in Stealth
   233 | D:1      | Reached XP level 2. HP: 11/19 MP: 5/5
   437 | D:1      | Learned a level 2 spell: Ensorcelled Hibernation
   762 | D:1      | Reached skill level 6 in Stealth
  1364 | D:2      | Reached XP level 3. HP: 24/24 MP: 6/6
  1675 | D:2      | Found a shattered altar of Ashenzari.
  1789 | D:2      | Reached skill level 7 in Stealth
  2088 | D:2      | Reached XP level 4. HP: 27/30 MP: 7/7
  2312 | D:2      | Gained mutation: You are resistant to electric shocks. [potion of mutation]
  2312 | D:2      | Gained mutation: You are dopey. (Int -2) [potion of mutation]
  2324 | D:3      | Noticed Natasha
  2327 | D:3      | Killed Natasha
  2327 | D:3      | Reached skill level 8 in Stealth
  2402 | D:3      | Reached XP level 5. HP: 35/35 MP: 1/8
  2511 | D:3      | Reached skill level 9 in Stealth
  2589 | D:3      | Noticed Terence
  2594 | D:3      | Killed Terence
  2634 | D:3      | Noticed Natasha
  2751 | D:3      | Killed Natasha
  2780 | D:3      | Noticed Natasha
  2787 | D:3      | Killed Natasha
  3135 | D:3      | Learned a level 3 spell: Confuse
  3430 | D:4      | Reached XP level 6. HP: 41/41 MP: 9/9
  3856 | D:4      | Found a blossoming altar of Fedhas.
  3939 | D:4      | Found a snail-covered altar of Cheibriados.
  4336 | D:4      | Found a staircase to the Ecumenical Temple.
  4345 | Temple   | Entered the Ecumenical Temple
  4462 | D:5      | Entered Level 5 of the Dungeon
  4542 | D:5      | Slain by a gnoll sergeant

Vault maps used:
D:1:      dpeg_arrival_renting
D:2:      overflow_temple_1_default, minmay_misc_feat_ornament
D:3:      uniq_terence, uniq_natasha
D:4:      cheibriados_altar_wand_db, minmay_temple_entry_poolview,
          fedhas_altar_1
D:5:      gammafunk_temple_overflow_wave, first_bread, serial_shops, shop,
          okawaru_ov_weapons_minmay
Temple:   eino_wide_crystal_templ_10

Action                   |  1- 3 |  4- 6 || total
-------------------------+-------+-------++-------
Melee: Dagger            |   162 |   156 ||   318
 Cast: Ensorcelled Hiber |     7 |    10 ||    17
  Use: Scroll            |     5 |       ||     5
       Potion            |     1 |    11 ||    12
 Stab: Sleeping          |    11 |    20 ||    31
